 Dungeon Crawl Stone Soup version 0.31-a0-981-geadf994542 (webtiles) character file.

Game seed: 1269707578139957313

100 BinkBink the Ducker (level 4, -1/38 HPs)
             Began as a Merfolk Monk on Nov 1, 2023.
             Slain by an ogre
             ... wielding a +0 giant spiked club
              (19 damage)
             ... on level 3 of the Dungeon.
             The game lasted 00:01:53 (1934 turns).

BinkBink the Ducker (Merfolk Monk)                  Turns: 1934, Time: 00:01:54

Health: -1/38      AC:  3    Str: 11    XL:     4   Next: 73%
Magic:  4/4        EV: 15    Int:  9    God:
Gold:   74         SH:  0    Dex: 18    Spells: 3/3 levels left

rFire   . . .        a - +0 falchion
rCold   . . .        d - orb {light}
rNeg    . . .        b - +0 robe
rPois   .            (no helmet)
rElec   .            (no cloak)
rCorr   .            f - +0 pair of gloves
SInv    .            (no boots)
Will    .....        (no amulet)
Stlth   +            (no ring)
HPRegen 0.26/turn    (no ring)
MPRegen 0.09/turn

%: no passive effects
@: glowing
A: (nimble swimmer 2), mertail
a: no special abilities


You were on level 3 of the Dungeon.
You visited 1 branch of the dungeon, and saw 3 of its levels.

You collected 74 gold pieces.

Inventory:

Hand Weapons
 a - a +0 falchion (weapon)
Armour
 b - a +0 robe (worn)
 d - an orb of light (worn)
 f - a +0 pair of gloves (worn)
Jewellery
 p - a ring of magical power
Scrolls
 e - a scroll of noise {unknown}
 i - 2 scrolls of revelation {unknown}
 j - a scroll of enchant armour {unknown}
 n - a scroll of identify {unknown}
Potions
 c - 2 potions of ambrosia
 g - a potion of haste {unknown}
 h - 2 potions of heal wounds {unknown}
 k - a potion of lignification {unknown}
 l - a potion of mutation {unknown}
 m - a potion of enlightenment {unknown}
 o - a potion of brilliance {unknown}


   Skills:
 + Level 4.3 Fighting
 + Level 4.6 Long Blades
 + Level 5.2 Dodging


You had 3 spell levels left.
You didn't know any spells.
Your spell library was empty.

Dungeon Overview and Level Annotations

Branches:
Dungeon (3/15)

Altars:


Innate Abilities, Weirdness & Mutations

((You are very nimble when in or above water. (Stealth+, EV+, Speed+++)))
Your lower body shifts to a powerful aquatic tail in water.


Message History

Done exploring.
Done exploring.
Done exploring.
You see here a +0 scale mail.
There is an open door here.
There is a stone staircase leading down here.
You climb downwards.
Found 9 gold pieces.
There is a stone staircase leading up here.
A quokka is nearby!
A quokka is nearby!
You slash the quokka!
You kill the quokka!
No target in view!
No target in view!
You now have 74 gold pieces (gained 9).
An ogre comes into view. It is wielding a +0 giant spiked club.
An ogre is nearby!
An ogre is nearby!
An ogre is nearby!
You slash the ogre!
The ogre is moderately wounded.
The ogre completely misses you.
You completely miss the ogre.
The ogre is moderately wounded.
You hit the ogre.
The ogre is heavily wounded.
The ogre hits you with a +0 giant spiked club.
You hit the ogre.
The ogre is heavily wounded.
The ogre hits you with a +0 giant spiked club!
You are too injured to fight recklessly!
You are too injured to fight recklessly!
You slash the ogre!
The ogre is severely wounded.
You hit the ogre.
The ogre is almost dead.
The ogre hits you with a +0 giant spiked club!!
Ouch! That really hurt!
You die...

#.#.......#####
#.#............
#.#............
#.#.#..........
#..............
#.....#........
#...<..........
#.######..#..#........
#.....O@.....#........
.......#.....#........
######.#..............
#.#...#.#........
#.#.#.#........#.
#.#.#.###....#..
....#.. .. .. ## ..


You could see an ogre.

Vanquished Creatures
  A gnoll (D:2)
  4 adders (D:2)
  A worm (D:2)
  4 endoplasms
  3 giant cockroaches
  6 goblins
  4 hobgoblins
  3 jackals (D:1)
  3 quokkas
  5 ball pythons
  6 bats
  6 frilled lizards
  2 kobolds (D:1)
  4 rats
52 creatures vanquished.

Notes
Turn   | Place    | Note
-------+----------+-------------------------------------------
     0 | D:1      | BinkBink the Merfolk Monk began the quest for the Orb.
     0 | D:1      | Reached XP level 1. HP: 18/18 MP: 1/1
   114 | D:1      | Reached XP level 2. HP: 22/24 MP: 2/2
   438 | D:1      | Found a faded altar of an unknown god.
   829 | D:1      | Reached XP level 3. HP: 27/30 MP: 3/3
  1292 | D:2      | Reached XP level 4. HP: 36/37 MP: 4/4
  1380 | D:2      | Reached skill level 5 in Dodging
  1926 | D:3      | Noticed an ogre
  1934 | D:3      | Slain by an ogre

Illustrated notes

Levels and vault maps discovered:
D:1:      minmay_arrival_pointy, layout_loops_ring,
          shapermc_ecumenical_altar_mp_vishouse
D:2:      layout_basic, minmay_pentomino_pile
D:3:      minmay_chambers_of_threes, layout_basic, mainiacjoe_overflow_paths,
          serial_corexii_hall, corexii_hall_statues_s, corexii_hall_statues_x,
          serial_shops, nicolae_shop_peninsula, hex_tiny,
          kennysheep_small_spiral, st_stairs_14, uniq_grinder

Skill      XL: |  1  2  3  4 |
---------------+-------------+-----
Long Blades    | 4 |  4.6
Fighting       | 4 |  4.3
Dodging        | 5 |  5.2

Action                     |  1- 3 |  4- 6 || total
---------------------------+-------+-------++-------
  Melee: Falchion          |    78 |    57 ||   135
 Armour: Robe              |    32 |    25 ||    57
  Dodge: Dodged            |    61 |    37 ||    98

Table legend: (Time is in decaauts)
 A = Elapsed time spent in this place.
 B = Non-inter-level travel time spent in this place.
 C = Inter-level travel time spent in this place.
 D = Time resting spent in this place.
 E = Time spent auto-exploring this place.
 F = Levels seen in this place.
 G = Mean time per level.
                   A        B        C        D        E       F      G
               +--------+--------+--------+--------+--------+-----+--------+
         Total |   1945 |   1785 |    160 |     60 |   1401 |   3 |  648.3 |
       Dungeon |   1945 |   1785 |    160 |     60 |   1401 |   3 |  648.3 |
               +--------+--------+--------+--------+--------+-----+--------+

Top non-repeatable levels by time:
     D:1: 1051 daAuts
     D:2: 852 daAuts
     D:3: 42 daAuts
